 Dungeon Crawl Stone Soup version 0.31-a0-219-g8d62b2e7bb (webtiles) character file.

Game seed: 4941378809611601270

71 qw the Shooter (level 4, -1/26 HPs)
             Began as a Gargoyle Hexslinger on July 3, 2023.
             Slain by a goblin
             ... wielding a +0 club
             ... led by Robin
              (2 damage)
             ... on level 3 of the Dungeon.
             The game lasted 00:00:36 (1659 turns).

qw the Shooter (Gargoyle Hexslinger)                Turns: 1659, Time: 00:00:36

Health: -1/26      AC:  6    Str: 11    XL:     4   Next: 24%
Magic:  5/5        EV: 11    Int: 14    God:
Gold:   112        SH:  0    Dex: 14    Spells: 4/5 levels left

rFire   . . .        Y - +3 sling
rCold   . . .        (no shield)
rNeg    + . .        e - +0 leather armour
rPois   inf          (no helmet)
rElec   +            (no cloak)
rCorr   .            (no gloves)
SInv    .            (no boots)
Will    .....        (no amulet)
Stlth   +            (no ring)
HPRegen 0.24/turn    (no ring)
MPRegen 0.09/turn

%: no passive effects
@: about to teleport
A: sickness immunity, AC +3, negative energy resistance 1, electricity
resistance, torment resistance 1, petrification resistance
a: no special abilities


You were on level 3 of the Dungeon.
You visited 1 branch of the dungeon, and saw 3 of its levels.

You collected 112 gold pieces.


Innate Abilities, Weirdness & Mutations

You are immune to sickness and miasma.
Your stone body is resilient. (AC +3)
You are immune to poison.
You resist negative energy. (rN+)
You are resistant to electric shocks. (rElec)
You are resistant to unholy torment.
You are immune to petrification.


   Skills:
 - Level 2.0 Fighting
 + Level 4.0 Ranged Weapons
 - Level 1.5 Dodging
 - Level 1.0 Spellcasting
 - Level 2.6 Hexes


You had 4 spell levels left.
You knew the following spells:

 Your Spells              Type           Power      Damage    Failure   Level
a - Slow                  Hex            32%        N/A       12%         1

Your spell library contained the following spells:

 Spells                   Type           Power      Damage    Failure   Level
 Inner Flame              Hex/Fire       4%         N/A       52%         3
 Portal Projectile        Hex/Tloc       8%         N/A       52%         3
 Cause Fear               Hex            4%         N/A       75%         4

Inventory:

Hand Weapons
 Y - a +3 sling (weapon)
Armour
 e - a +0 leather armour (worn)
Scrolls
 a - 2 scrolls of identify
Potions
 d - a potion of might

Dungeon Overview and Level Annotations

Branches:
Dungeon (3/15)

Altars:

Annotations:
D:3 Robin


Message History

The orc hits you with a +0 dagger. The goblin barely misses you.
The goblin misses you. The orc hits you but does no damage.
The goblin hits you with a +0 club. The goblin hits you with a +0 dagger.
You shoot a sling bullet. The sling bullet hits the orc!
You kill the orc!
The goblin barely misses you. The goblin hits you but does no damage.
The goblin hits you with a +0 club. The goblin hits you but does no damage.
You shoot a sling bullet. The sling bullet hits the hobgoblin.
The hobgoblin is heavily wounded.
The goblin hits you with a +0 club. The goblin hits you but does no damage.
The hobgoblin barely misses you. The goblin barely misses you.
The goblin hits you but does no damage.
You shoot a sling bullet. The sling bullet hits the hobgoblin.
You kill the hobgoblin!
The goblin unwields a +0 dagger.
The goblin wields a +0 sling.
The goblin shoots a sling bullet.
The sling bullet misses you.
The goblin hits you but does no damage. x2; The goblin hits you with a +0 club.
The goblin closely misses you.
You hear a shout!
1657 ||| READING scroll of teleportation.
As you read the scroll of teleportation, it crumbles to dust.
You feel strangely unstable. The goblin hits you but does no damage.
The hobgoblin hits you but does no damage.
The goblin hits you but does no damage. The goblin hits you with a +0 club.
The goblin hits you but does no damage. x2
You shoot a sling bullet.
The sling bullet closely misses the goblin.
The goblin hits you but does no damage.
The hobgoblin hits you but does no damage.
The goblin hits you with a +0 club.
A hobgoblin comes into view.
The goblin barely misses you. The goblin hits you with a +0 club.
The goblin hits you but does no damage.
You shoot a sling bullet. The sling bullet hits the goblin!
You kill the goblin!
The goblin hits you but does no damage. x2; The goblin barely misses you.
The hobgoblin hits you. The goblin barely misses you.
The goblin hits you but does no damage. The goblin hits you with a +0 club.
You die...

.# ... .# ... .#
.... .#.....
g#.....
##g......
########gg......
.......g@g......
########gg......
#........
#........
#########


You could see Robin, 2 hobgoblins and 5 goblins.

Vanquished Creatures
  An adder (D:2)
  A worm (D:2)
  3 dart slugs
  An orc (D:3)
  4 ball pythons
  3 bats (D:2)
  5 endoplasms
  3 giant cockroaches
  4 goblins
  7 hobgoblins
  3 jackals (D:2)
  6 kobolds
  A frilled lizard (D:1)
  3 rats
45 creatures vanquished.

Notes
Turn   | Place    | Note
-------+----------+-------------------------------------------
     0 | D:1      | qw the Gargoyle Hexslinger began the quest for the Orb.
     0 | D:1      | Reached XP level 1. HP: 12/12 MP: 2/2
     0 | D:1      | 0 ||| qw: Version: 0.3-a-40-ge99b1a8
     0 | D:1      | 0 ||| qw: Game counter: 360
     0 | D:1      | 0 ||| qw: Melee chars always use a shield: true
     0 | D:1      | 0 ||| qw: God list: Okawaru
     0 | D:1      | 0 ||| qw: Allow faded altars: false
     0 | D:1      | 0 ||| qw: Do Orc after clearing Dungeon:15 true
     0 | D:1      | 0 ||| qw: Do second Lair branch before Depths: true
     0 | D:1      | 0 ||| qw: Lair rune preference: random
     0 | D:1      | 0 ||| qw: Goals: Normal
     0 | D:1      | 0 ||| PLANNING D:1-11
    77 | D:1      | Reached XP level 2. HP: 16/16 MP: 3/3
   147 | D:1      | Reached skill level 3 in Ranged Weapons
   814 | D:1      | 814 ||| UPGRADING to +0 leather armour.
   824 | D:1      | 824 ||| DROPPING +0 robe.
   825 | D:1      | 825 ||| READING 2 scrolls labelled WUYKIU VUOBLU.
   826 | D:1      | 826 ||| READING scroll labelled XYIGO WAWU.
   831 | D:1      | 831 ||| READING scroll labelled SIZIWK INUD.
   832 | D:1      | 832 ||| DROPPING scroll of poison.
   898 | D:2      | Reached XP level 3. HP: 21/21 MP: 4/4
  1197 | D:2      | Reached XP level 4. HP: 26/26 MP: 5/5
  1242 | D:2      | 1242 ||| READING scroll of enchant weapon.
  1242 | D:2      | 1242 ||| ENCHANTING +2 sling.
  1584 | D:2      | Reached skill level 4 in Ranged Weapons
  1586 | D:2      | 1586 ||| READING scroll labelled SIBBACACRI.
  1605 | D:2      | 1605 ||| READING scroll labelled ALAOVO RUNUV.
  1606 | D:2      | 1606 ||| READING 5 scrolls of identify.
  1606 | D:2      | 1606 ||| IDENTIFYING viscous yellow potion
  1607 | D:2      | 1607 ||| READING 4 scrolls of identify.
  1607 | D:2      | 1607 ||| IDENTIFYING murky grey potion
  1608 | D:2      | 1608 ||| READING 3 scrolls of identify.
  1608 | D:2      | 1608 ||| IDENTIFYING fizzy puce potion
  1609 | D:2      | 1609 ||| DROPPING potion of degeneration.
  1610 | D:2      | 1610 ||| DROPPING potion of lignification.
  1650 | D:3      | Noticed Robin
  1656 | D:3      | HP: 6/26 [goblin/+0 club[Robin] (1)]
  1657 | D:3      | 1657 ||| READING scroll of teleportation.
  1658 | D:3      | HP: 2/26 [goblin/+0 club[Robin] (2)]
  1659 | D:3      | Slain by a goblin

Levels and vault maps discovered:
D:1:      psy_arrival_statuary, layout_basic, minmay_crystal_room
D:2:      minmay_chambers_of_ones, layout_basic
D:3:      layout_basic, nicolae_uskayaw_dance_hall, interstate_on_off,
          kennysheep_generic_room_14, uniq_robin, uniq_ijyb

Skill      XL: |  1  2  3  4 |
---------------+-------------+-----
Ranged Weapons | 3 4 |  4.0
Fighting       | 2 |  2.0
Dodging        | |  1.5
Spellcasting   | |  1.0
Hexes          | |  2.6

Action                     |  1- 3 |  4- 6 || total
---------------------------+-------+-------++-------
   Fire: Sling             |   103 |    38 ||   141
    Use: Scroll            |     3 |     7 ||    10
 Armour: Robe              |     7 |       ||     7
         Leather armour    |    13 |    26 ||    39
  Dodge: Dodged            |    28 |    25 ||    53

Table legend:
 A = Non-vault XP
 B = Vault XP
 C = Vault XP percentage of total XP
 D = Non-vault monster count
 E = Vault monster count
 F = Vault count percentage of total count
                 A         B        C        D         E       F
            +---------+---------+-------+---------+---------+-------
      Total |      89 |      15 |  14.4 |      37 |       8 |  17.8
            +---------+---------+-------+---------+---------+-------
        D:1 |      33 |       0 |   0.0 |      16 |       0 |   0.0
        D:2 |      53 |       9 |  14.5 |      20 |       5 |  20.0
        D:3 |       3 |       6 |  66.7 |       1 |       3 |  75.0
            +---------+---------+-------+---------+---------+-------
